 Dungeon Crawl Stone Soup version 0.23-a0-395-gcf17ac6c65 (webtiles) character file.

6039 PikkenKukken the Cleaver (level 10, -5/120 HPs)
             Began as a Demonspawn Berserker on Nov 1, 2018.
             Was an Elder of Trog.
             Killed from afar by an electric eel (9 damage)
             ... with a bolt of electricity
             ... on level 8 of the Dungeon.
             The game lasted 00:12:15 (7428 turns).

PikkenKukken the Cleaver (Demonspawn Berserker)     Turns: 7428, Time: 00:12:16

Health: -5/120     AC: 12    Str: 25    XL:     10   Next: 56%
Magic:  19/19      EV: 11    Int:  9    God:    Trog [****..]
Gold:   301        SH:  0    Dex: 15    Spells: 9/9 levels left

rFire    . . .     SeeInvis .   a - +1 hand axe
rCold    . . .     Gourm    .   (no shield)
rNeg     . . .     Faith    .   r - +1 chain mail
rPois    .         Spirit   .   (no helmet)
rElec    .         Reflect  .   u - +0 cloak
rCorr    .         Harm     .   (no gloves)
MR       .....                  (no boots)
Stlth    ..........             q - amulet of the acrobat
HPRegen  0.30/turn              m - ring of magical power
MPRegen  0.16/turn              (no ring)

@: berserking (expiring), slowed
A: claws 1, thin skeletal structure 1, demonic guardian 2, spiny 2
a: Berserk, Trog's Hand, Brothers in Arms, Renounce Religion


You were on level 8 of the Dungeon.
You worshipped Trog.
Trog was greatly pleased with you.
You were very hungry.

You visited 1 branch of the dungeon, and saw 8 of its levels.

You collected 301 gold pieces.

Inventory:

Hand Weapons
 a - a +1 hand axe (weapon)
Armour
 b - a scarf of resistance
 r - a +1 chain mail (worn)
 u - a +0 cloak (worn)
Jewellery
 m - a ring of magical power (left claw)
 q - an amulet of the acrobat (around neck)
 t - a +2 ring of intelligence {unknown}
Scrolls
 e - 3 scrolls of identify
 n - 6 scrolls of teleportation
 p - a scroll of fear
Potions
 d - a potion of lignification
 f - a potion of degeneration {unknown}
 g - 3 potions of mutation
 h - 8 potions of curing
 i - 2 potions of agility
 j - 4 potions of flight
 k - a potion of cancellation {unknown}
 l - 3 potions of haste
 o - a potion of heal wounds {unknown}
Comestibles
 c - 11 rations
 s - 3 chunks of flesh


   Skills:
 + Level 8.2 Fighting
 * Level 10.2 Axes
 + Level 7.1 Armour
 - Level 5.0 Dodging


You had 9 spell levels left.
You didn't know any spells.
Your spell library was empty.

Dungeon Overview and Level Annotations

Branches:
Dungeon (8/15)             Temple (0/1) D:7            Lair (0/6) D:8

Altars:
Dithmenos
Fedhas
Hepliaklqana
Nemelex Xobeh
Okawaru
Qazlal
Ru
Sif Muna
Trog
Vehumet
Wu Jian
Xom
Yredelemnul
Zin

Annotations:
D:8 4 runed doors


Innate Abilities, Weirdness & Mutations

You have sharp fingernails.
You have a somewhat thin skeletal structure. (Dex +2, Stealth)
A demonic guardian rushes to your aid.
You are mostly covered in sharp spines.


Message History

* * * LOW HITPOINT WARNING * * *
Pain shoots through your body!
* * * LOW HITPOINT WARNING * * *
You are too berserk!
You slice Gastronok!!
Gastronok is almost dead.
Your soul eater hits Gastronok!
Gastronok dies!
Trog accepts your kill.
Trog appreciates your killing of a magic user.
You can now call in reinforcements.
Your Fighting skill increases to level 8!
Your Axes skill increases to level 10!
Your Armour skill increases to level 7!
Eat one of 4 chunks of flesh? (ye/n/q)
You eat one of the 4 chunks of flesh.
This raw flesh tastes terrible.
You are feeling very hungry.
The electric eel shoots out a bolt of lightning at you!
The bolt of electricity hits your soul eater.
The bolt of electricity hits you!
You die...

#..............#÷.##++##.'.#
##...............÷## #####
##............(....#8
..............(....#...
..................#[...
..................#8....
###..).{......#.##8..8###
####.....#.......#..##++##.+
#......†.#...@.............#
........#....[.............#
.............3.............##
#####......!.#..............##
#..........................
#.........................##
#............;....≈.#####..#
.......≈≈≈≈≈≈≈[...≈.###....##
.......≈≈≈≈≈.≈≈≈≈..........#


You could see an electric eel and a friendly soul eater.

Vanquished Creatures
  A two-headed ogre (D:8)
  A gargoyle (D:8)
  A hippogriff (D:8)
  A sky beast (D:5)
  A black bear (D:7)
  3 phantoms
  3 ogres
  A crocodile (D:7)
  A wolf (D:8)
  4 centaurs
  A big kobold (D:7)
  2 bullfrogs
  2 scorpions
  A howler monkey (D:8)
  4 crimson imps
  6 hounds
  A jelly (D:7)
  3 orc wizards
  2 orc priests (D:7)
  2 iguanas
  A worker ant (D:5)
  3 worker ant zombies (D:5)
  A howler monkey zombie (D:6)
  Robin (D:4)
  6 adders
  An adder zombie (D:5)
  2 adder skeletons
  A worm (D:3)
  2 dart slugs (D:3)
  4 leopard geckos
  27 orcs
  3 ball pythons
  11 bats
  6 giant cockroaches
  16 goblins
  14 hobgoblins
  12 jackals
  13 kobolds
  4 quokkas
  5 frilled lizards
  A leopard gecko skeleton (D:5)
  A leopard gecko zombie (D:5)
  6 rats
182 creatures vanquished.

Vanquished Creatures (collateral kills)
  Gastronok (D:8)
  A catoblepas (D:8)
  A troll (D:8)
  A wyvern (D:8)
  3 sky beasts
  A wolf (D:8)
  2 bullfrogs (D:8)
  An electric eel (D:8)
  A howler monkey (D:8)
  An orc wizard (D:8)
  An iguana (D:8)
  A worker ant (D:8)
  A leopard gecko (D:8)
  3 orcs (D:8)
19 creatures vanquished.

Grand Total: 201 creatures vanquished

Notes
Turn   | Place    | Note
-------+----------+-------------------------------------------
     0 | D:1      | PikkenKukken the Demonspawn Berserker began the quest for
                  | the Orb.
     0 | D:1      | Reached XP level 1. HP: 18/18 MP: 1/1
   137 | D:1      | Gained mutation: You are partially covered in sharp spines.
                  | [demonic ancestry]
   137 | D:1      | Reached XP level 2. HP: 24/24 MP: 2/2
   141 | D:1      | Reached skill level 3 in Axes
   390 | D:1      | Reached XP level 3. HP: 28/29 MP: 3/3
   391 | D:1      | Reached ** piety under Trog
  1271 | D:2      | Reached XP level 4. HP: 31/35 MP: 4/4
  1477 | D:2      | Found an iron altar of Okawaru.
  1477 | D:2      | Found a bloodstained altar of Trog.
  1535 | D:2      | Found a sparkling altar of Nemelex Xobeh.
  1792 | D:3      | Found a faded altar of an unknown god.
  2237 | D:3      | Reached *** piety under Trog
  2753 | D:4      | Received a gift from Trog
  2753 | D:4      | Reached skill level 4 in Axes
  2753 | D:4      | Gained mutation: A weak demonic guardian rushes to your
                  | aid. [demonic ancestry]
  2753 | D:4      | Reached XP level 5. HP: 29/42 MP: 5/5
  2925 | D:4      | Noticed a centaur
  2928 | D:4      | Noticed Robin
  2942 | D:4      | Killed Robin
  2942 | D:4      | Killed a centaur
  2942 | D:4      | Reached XP level 6. HP: 48/48 MP: 6/6
  3085 | D:4      | Found an ornate altar of the Wu Jian Council.
  3095 | D:4      | Found a shimmering altar of Xom.
  3095 | D:4      | Found a shadowy altar of Dithmenos.
  3108 | D:4      | Found a radiant altar of Vehumet.
  3112 | D:4      | Found a hazy altar of Hepliaklqana.
  3137 | D:4      | Found a basalt altar of Yredelemnul.
  3451 | D:4      | Reached skill level 5 in Axes
  3819 | D:5      | Entered Level 5 of the Dungeon
  3826 | D:5      | Noticed a sky beast
  3836 | D:5      | Killed a sky beast
  3836 | D:5      | Gained mutation: You are mostly covered in sharp spines.
                  | [demonic ancestry]
  3836 | D:5      | Reached XP level 7. HP: 55/55 MP: 7/7
  4149 | D:5      | Found a deep blue altar of Sif Muna.
  4452 | D:5      | Reached skill level 5 in Fighting
  4464 | D:5      | Found a glowing silver altar of Zin.
  4483 | D:5      | Reached **** piety under Trog
  4676 | D:5      | Reached skill level 6 in Axes
  4676 | D:5      | Gained mutation: A demonic guardian rushes to your aid.
                  | [demonic ancestry]
  4676 | D:5      | Reached XP level 8. HP: 62/62 MP: 8/8
  4721 | D:6      | Got a heavily runed ring mail
  4745 | D:6      | Identified the +2 ring mail of the Stars {rElec Str-2 Int+6
                  | Dex+4} (You found it on level 6 of the Dungeon)
  5019 | D:6      | Paralysed by an orc for 6 turns
  5520 | D:6      | Found a stormy altar of Qazlal.
  5917 | D:7      | Reached skill level 7 in Axes
  5925 | D:7      | Found a staircase to the Ecumenical Temple.
  5981 | D:7      | Found a stormy altar of Qazlal.
  6156 | D:7      | Reached skill level 5 in Dodging
  6160 | D:7      | Reached skill level 5 in Armour
  6160 | D:7      | Gained mutation: You have a somewhat thin skeletal
                  | structure. (Dex +2, Stealth) [demonic ancestry]
  6160 | D:7      | Reached XP level 9. HP: 69/69 MP: 9/9
  6253 | D:7      | Found a blossoming altar of Fedhas.
  6494 | D:7      | Found a sacrificial altar of Ru.
  6613 | D:8      | Noticed a two-headed ogre
  6625 | D:8      | Killed a two-headed ogre
  6625 | D:8      | Reached skill level 8 in Axes
  6668 | D:8      | Noticed a troll
  6673 | D:8      | Killed a troll
  6956 | D:8      | Found a large runed door.
  6956 | D:8      | Found a large runed door.
  7038 | D:8      | Found a staircase to the Lair.
  7078 | D:8      | Reached skill level 9 in Axes
  7193 | D:8      | Noticed a gargoyle
  7204 | D:8      | Killed a gargoyle
  7265 | D:8      | Noticed a catoblepas
  7277 | D:8      | Killed a catoblepas
  7277 | D:8      | Gained mutation: You have sharp fingernails. [demonic
                  | ancestry]
  7277 | D:8      | Reached XP level 10. HP: 79/79 MP: 10/10
  7373 | D:8      | Found a large runed door.
  7373 | D:8      | Found a large runed door.
  7404 | D:8      | Noticed Gastronok
  7426 | D:8      | HP: 3/120 [something/nerve-wracking pain (13)]
  7427 | D:8      | Killed Gastronok
  7427 | D:8      | Reached skill level 10 in Axes
  7428 | D:8      | Killed from afar by an electric eel

Vault maps used:
D:1:      dpeg_arrival_subterranean_lakeside_camping
D:2:      gammafunk_temple_overflow_elements, grunt_ministairs_2,
          hangedman_decor_slide_cut, corexii_shack, nemelex_lonely_heart_becter
D:3:      first_ration, chequers_ecumenical_altar_simple_redux
D:4:      nicolae_overflow_crystal_walls, minmay_overflow_temple_star_hex,
          uniq_robin
D:5:      lemuel_doored_altar, led_sif_book
D:6:      nicolae_overflow_hidden_temple, grunt_qazlal_sundering
D:7:      kennysheep_six_static_rooms, grunt_temple_overflow_forces_of_nature,
          kennysheep_mini_moat, temple_doors_e
D:8:      erik_lair_island, serial_rivers, chequers_serial_rivers_marsh,
          chequers_serial_rivers_micro_b, chequers_serial_rivers_room_b,
          chequers_serial_rivers_micro_e, chequers_serial_rivers_small_a,
          minmay_hollow_rounded_squares, uniq_gastronok

Skill      XL: |  1  2  3  4  5  6  7  8  9 10 |
---------------+-------------------------------+-----
Axes           | 3 4 5 6 7 9 10 | 10.2
Armour         | 2 3 4 5 6 7 |  7.1
Dodging        | 2 3 4 5 |  5.0
Fighting       | 4 5 6 7 8 |  8.2

Action                   |  1- 3 |  4- 6 |  7- 9 | 10-12 || total
-------------------------+-------+-------+-------+-------++-------
Melee: Hand axe          |    99 |   139 |   247 |    17 ||   502
Invok: Berserk           |     2 |     6 |     8 |     1 ||    17
       Brothers in Arms  |       |       |     3 |       ||     3
       Trog's Hand       |       |       |     1 |       ||     1
Evoke: Wand              |       |       |     1 |       ||     1
  Use: Scroll            |     3 |     2 |    12 |       ||    17
 Stab: Sleeping          |     1 |     1 |       |       ||     2
       Distracted        |     1 |       |       |       ||     1
  Eat: Chunk             |     3 |    11 |    14 |     2 ||    30
       Ration            |       |     1 |     1 |       ||     2
Armor: Animal skin       |    19 |     9 |       |       ||    28
       Chain mail        |       |     7 |    88 |    10 ||   105
Dodge: Dodged            |    73 |    83 |   111 |     7 ||   274

Table legend:
 A = Non-vault XP
 B = Vault XP
 C = Vault XP percentage of total XP
 D = Non-vault monster count
 E = Vault monster count
 F = Vault count percentage of total count
                 A         B        C        D         E       F
            +---------+---------+-------+---------+---------+-------
      Total |    4132 |    4496 |  52.1 |     161 |      40 |  19.9
            +---------+---------+-------+---------+---------+-------
        D:1 |      50 |      10 |  16.7 |      27 |       6 |  18.2
        D:2 |      38 |       5 |  11.6 |      14 |       3 |  17.6
        D:3 |      83 |       0 |   0.0 |      32 |       0 |   0.0
        D:4 |     463 |      34 |   6.8 |      12 |      11 |  47.8
        D:5 |     774 |      27 |   3.4 |      21 |       1 |   4.5
        D:6 |     739 |       0 |   0.0 |      12 |       0 |   0.0
        D:7 |     598 |     220 |  26.9 |      18 |       5 |  21.7
        D:8 |    1387 |    4200 |  75.2 |      25 |      14 |  35.9
            +---------+---------+-------+---------+---------+-------
